 Dungeon Crawl Stone Soup version 0.31-a0-360-gb3e1d13bf4 (webtiles) character file.

Game seed: 343601233646579628

53198 IdlyInterested the Warrior (level 14, -2/126 HPs)
             Began as a Demonspawn Gladiator on July 26, 2023.
             Slain by a deep troll (18 damage)
             ... on level 14 of the Dungeon.
             The game lasted 00:59:00 (18083 turns).

IdlyInterested the Warrior (Demonspawn Gladiator)  Turns: 18083, Time: 00:59:01

Health: -2/126     AC: 30    Str: 19    XL:     14   Next: 30%
Magic:  14/14      EV:  8    Int:  9    God:
Gold:   995        SH: 16    Dex: 16    Spells: 13/13 levels left

rFire   . . .        E - +4 morningstar (elec)
rCold   . . .        Q - +0 kite shield
rNeg    . . .        I - +3 crystal plate armour
rPois   .            (helmet restricted)
rElec   .            A - +0 cloak
rCorr   .            X - +0 pair of gloves
SInv    +            R - +2 pair of boots {rampage}
Will    +....        u - amulet of reflection Stlth
                     y - +5 ring of evasion
HPRegen 0.41/turn    r - ring of see invisible
MPRegen 0.14/turn

%: reflection, rampage
@: no status effects
A: horns 2, thin metallic scales 2, spiny 2
a: no special abilities


You were on level 14 of the Dungeon.
You visited 1 branch of the dungeon, and saw 14 of its levels.
You also visited: Sewer, Ossuary and Bailey.

You collected 1145 gold pieces.
You spent 150 gold pieces at shops.

Inventory:

Hand Weapons
 E - a +4 morningstar of electrocution (weapon)
Missiles
 d - 6 throwing nets
 e - 16 javelins
 j - a silver boomerang
 n - 43 poisoned darts
 v - 5 atropa-tipped darts
 w - 14 boomerangs (quivered)
 N - 6 silver javelins
Armour
 A - a +0 cloak (worn)
 I - a +3 crystal plate armour (worn)
 Q - a +0 kite shield (worn)
 R - a +2 pair of boots of rampaging (worn)
 X - a +0 pair of gloves (worn)
Magical Staves
 x - a staff of fire
 C - a staff of poison
Jewellery
 i - a ring of ice
 r - a ring of see invisible (right hand)
 u - an amulet of reflection (around neck)
 y - a +5 ring of evasion (left hand)
 L - a ring of ice
 U - a ring of protection from fire
 W - a ring of fire
Wands
 b - a wand of iceblast (21)
 o - a wand of paralysis (9)
 p - a wand of quicksilver (7)
 D - a wand of flame (21)
 F - a wand of digging (3)
 P - a wand of mindburst (4)
Scrolls
 a - 2 scrolls of poison
 c - a scroll of summoning
 f - 4 scrolls of fear
 h - 2 scrolls of fog
 t - 3 scrolls of blinking
 G - 7 scrolls of teleportation
 O - a scroll of identify
 Z - a scroll of silence
Potions
 g - a potion of enlightenment
 k - 3 potions of might
 l - 2 potions of magic
 m - 11 potions of curing
 q - 5 potions of invisibility
 z - a potion of resistance
 J - 3 potions of brilliance
 K - a potion of mutation
 M - a potion of haste
 S - a potion of ambrosia
Miscellaneous
 s - a phantom mirror
 B - a phial of floods
 H - a lightning rod (4/4)
 V - a condenser vane


   Skills:
 + Level 16.3 Fighting
 * Level 11.9 Maces & Flails
 - Level 3.0 Throwing
 + Level 6.7 Armour
 - Level 6.0 Dodging
 - Level 1.0 Stealth
 - Level 9.0 Shields
 - Level 3.0 Evocations


You had 13 spell levels left.
You didn't know any spells.
Your spell library contained the following spells:

 Spells                   Type           Power      Damage    Failure   Level
 Foxfire                  Conj/Fire      0%         2x1d4     100%        1
 Sandblast                Erth           0%         2d4       100%        1
 Passwall                 Tmut/Erth      0%         N/A       100%        2
 Poisonous Vapours        Pois/Air       0%         N/A       100%        2
 Hailstorm                Conj/Ice       0%         3d3       100%        3
 Ignite Poison            Fire/Tmut/Pois 0%         N/A       100%        3
 Mephitic Cloud           Conj/Pois/Air  0%         N/A       100%        3
 Portal Projectile        Hex/Tloc       0%         N/A       100%        3
 Stone Arrow              Conj/Erth      0%         3d7       100%        3
 Tukima's Dance           Hex            0%         N/A       100%        3
 Iskenderun's Mystic Bla  Conj/Tloc      0%         2d3       100%        4
 Passage of Golubria      Tloc           0%         N/A       100%        4
 Sticky Flame             Conj/Fire      0%         2d3       100%        4
 Summon Ice Beast         Ice/Summ       0%         N/A       100%        4
 Alistair's Intoxication  Tmut/Pois      0%         N/A       100%        5
 Borgnjor's Vile Clutch   Necr/Erth      0%         N/A       100%        5
 Freezing Cloud           Conj/Ice/Air   0%         6-21      100%        5
 Silence                  Hex/Air        0%         N/A       100%        5
 Summon Forest            Summ/Tloc      0%         N/A       100%        5
 Summon Mana Viper        Hex/Summ       0%         N/A       100%        5
 Eringya's Noxious Bog    Tmut/Pois      0%         4d6       100%        6
 Simulacrum               Ice/Necr       0%         N/A       100%        6
 Summon Cactus Giant      Summ           0%         N/A       100%        6
 Ignition                 Fire           0%         3d3       100%        8
 Lehudib's Crystal Spear  Conj/Erth      0%         10d2      100%        8


Dungeon Overview and Level Annotations

Branches:
Dungeon (14/15)            Temple (0/1) D:6            Lair (0/5) D:10
    Orc (0/2) D:12          Sewer (visited)         Ossuary (visited)
 Bailey (visited)
 Vaults: D:13-14

Altars:
Ashenzari
Dithmenos
Hepliaklqana
Kikubaaqudgha
Okawaru
Qazlal
Ru
Sif Muna
Trog
Wu Jian
Yredelemnul

Shops:
D:1 *   D:11 [

Portals:
Trove: D:10 (give 5 scrolls of blinking)


Innate Abilities, Weirdness & Mutations

You have a pair of horns on your head.
You are mostly covered in thin metallic scales. (AC +3)
You are mostly covered in sharp spines.


Message History

You sock the large slime creature!
You kill the large slime creature!
The slime creature hits you but does no damage.
You impale the slime creature!!
Your headbutt misses the slime creature.
The slime creature is almost dead.
The slime creature hits you!
* * * LOW HITPOINT WARNING * * *
You barely miss the slime creature.
You headbutt the slime creature, but do no damage.
The slime creature is almost dead.
You block the slime creature's attack.
You barely miss the slime creature.
The slime creature is almost dead.
You block the slime creature's attack.
You impale the slime creature!!
You kill the slime creature!
A deep troll comes into view.
Throw: 15 boomerangs
Press: ? - help, Q - select action, (/) - cycle Shift-Dir - straight line, f - deep troll
Aim: a deep troll (67% to hit)
You throw a boomerang.
The boomerang closely misses the deep troll.
You hear a shout!
A wizard comes into view. It is wielding a +0 dagger.
Throw: 14 boomerangs
Press: ? - help, Q - select action, (/) - cycle Shift-Dir - straight line, f/p - deep troll
Aim: a deep troll (67% to hit)
You throw a boomerang.
The boomerang barely misses the deep troll.
You rampage towards the deep troll!
You thump the deep troll!
Lightning courses through the deep troll!
You headbutt the deep troll!
The deep troll is heavily wounded.
You block the deep troll's attack. The deep troll claws you.
* * * LOW HITPOINT WARNING * * *
The deep troll claws you.
* * * LOW HITPOINT WARNING * * *
The deep troll bites you!!
You die...

,,,** ***,,,,........#........#..
,,,,* *,,,,*****#.#..'........#..
,,,,* *,,,,*,,,,#.#.†#........'..
***,***,,,,*,**+#...##.<......#.#
*,*,+,,,,*,*,,#...##........#.#
*,*,*,,,,*,*,,#...##........#.#
*,*,*,,,,*,*,∩#.#.##.########.#
*,*,*,,,,#.####.#.##.# #....#
*,*,*,,,,#...T@.#.##.# #.####
*,,,*,,,,#...p..#.##.# #.# #.
*******,,########.#..* #)# #.
*,,,,,,,,,,..,** #)# #.
***********##** #.# #. #.# ##
#.#### #..... ######


You could see a deep troll and a wizard.

Vanquished Creatures
  An orc warlord (Bailey)
  The ghost of AwFulAwFulPlayer the Carver, a journeyman DsCK of Xom (D:13)
  A vault guard (D:10)
  A catoblepas (D:9)
  3 hydras
  5 two-headed ogres
  7 centaur warriors
  2 boulder beetles (D:11)
  3 tengu warriors
  Urug (D:12)
  Lodul (D:12)
  3 orc knights
  2 manticores
  2 deep elf pyromancers (D:13)
  2 ugly things
  3 cyclopes
  A guardian serpent (shapeshifter) (D:14)
  2 gargoyles
  Joseph (D:8)
  2 kobold demonologists (D:9)
  An efreet (D:9)
  2 tengu conjurers (D:8)
  A komodo dragon (D:9)
  6 trolls
  Grinder (Sewer)
  A hornet (D:9)
  10 slime creatures
  A shadow (D:8)
  2 vampires (D:9)
  A wyvern (D:9)
  A water elemental (D:12)
  4 wraiths
  11 yaks
  A redback (shapeshifter) (D:14)
  2 basilisks
  18 vampire mosquitoes
  5 steam dragons
  A warg (D:13)
  2 water moccasins
  6 acid dragons
  22 orc warriors
  2 sky beasts (D:7)
  2 black bears
  7 ogres
  13 centaurs
  3 kobold brigands
  A phantom (Sewer)
  5 elf zombies
  5 gnoll sergeants
  7 bullfrogs
  2 scorpions
  2 elf skeletons (D:5)
  13 wights
  The ghost of CraigForest the Ruffian, a weakling DrBe of Elyvilon (D:3)
  10 killer bees
  A vampire bat (D:9)
  2 electric eels
  6 howler monkeys
  Crazy Yiuf (D:6)
  3 gnoll boudas
  A human zombie (D:5)
  13 orc priests
  4 hounds
  4 iguanas
  2 human skeletons (D:5)
  12 orc wizards
  A sleepcap (D:7)
  2 mummies (Ossuary)
  30 gnolls
  5 adders
  A shadow imp (Sewer)
  A white imp (D:8)
  3 ufetubi (Sewer)
  3 adder zombies
  4 worms
  3 dart slugs
  75 orcs
  6 ball pythons
  2 bat skeletons (D:9)
  5 bat zombies
  8 endoplasms
  2 giant cockroaches
  20 goblins
  15 hobgoblins
  8 jackals
  3 quokkas
  9 bats
  7 frilled lizards
  A giant cockroach zombie (Sewer)
  A goblin zombie (Ossuary)
  14 hobgoblin zombies (Ossuary)
  3 jackal zombies (Ossuary)
  34 kobolds
  10 kobold zombies
  5 orc zombies (Ossuary)
  7 rats
553 creatures vanquished.

Vanquished Creatures (others)
  A hornet (D:9)
  An orc (D:10)
2 creatures vanquished.

Grand Total: 555 creatures vanquished

Notes
Turn   | Place    | Note
-------+----------+-------------------------------------------
     0 | D:1      | IdlyInterested the Demonspawn Gladiator began the quest for
                  | the Orb.
     0 | D:1      | Reached XP level 1. HP: 16/16 MP: 1/1
    12 | D:1      | Found Fytt's Assorted Antiques.
    84 | D:1      | Gained mutation: You have a pair of small horns on your
                  | head. [demonic ancestry]
    84 | D:1      | Reached XP level 2. HP: 12/22 MP: 2/2
   687 | D:1      | Reached XP level 3. HP: 26/28 MP: 3/3
  1033 | D:1      | Bought a black potion for 23 gold pieces
  1033 | D:1      | Bought a scroll labelled KOGAGG USMAIS for 26 gold pieces
  1579 | D:2      | Reached skill level 3 in Fighting
  1783 | D:2      | Found a faded altar of an unknown god.
  1921 | D:1      | Bought a coppery potion for 23 gold pieces
  1921 | D:1      | Bought a scroll labelled KOGAGG USMAIS for 26 gold pieces
  1970 | D:3      | Reached skill level 1 in Armour
  2030 | D:3      | Gained mutation: You are partially covered in sharp spines.
                  | [demonic ancestry]
  2030 | D:3      | Reached XP level 4. HP: 29/35 MP: 4/4
  2103 | D:3      | Reached skill level 1 in Stealth
  2279 | D:1      | Bought a scroll labelled RAMERU YRROITO for 26 gold pieces
  2385 | D:3      | Reached XP level 5. HP: 20/42 MP: 5/5
  2740 | D:3      | Found a runed translucent gate.
  2740 | D:3      | Found a runed translucent gate.
  2740 | D:3      | Found a runed translucent gate.
  2740 | D:3      | Noticed CraigForest's ghost (weakling DrBe)
  2742 | D:3      | Found a basalt altar of Yredelemnul.
  2749 | D:3      | Reached skill level 4 in Fighting
  2897 | D:3      | Reached skill level 1 in Shields
  3234 | D:3      | Killed CraigForest's ghost
  3235 | D:3      | Reached skill level 1 in Evocations
  3235 | D:3      | Gained mutation: You are partially covered in thin metallic
                  | scales. (AC +2) [demonic ancestry]
  3235 | D:3      | Reached XP level 6. HP: 29/49 MP: 6/6
  3370 | D:1      | Bought a scroll labelled DUHAAH KEISUN for 26 gold pieces
  3813 | D:4      | Reached skill level 5 in Fighting
  4216 | D:5      | Entered Level 5 of the Dungeon
  4234 | D:5      | Reached XP level 7. HP: 34/56 MP: 7/7
  4345 | D:5      | Found a sand-covered staircase.
  4353 | D:5      | Reached skill level 6 in Fighting
  4355 | Ossuary  | Entered an ossuary
  4654 | Ossuary  | Reached skill level 5 in Maces & Flails
  4665 | Ossuary  | Gained mutation: You are mostly covered in thin metallic
                  | scales. (AC +3) [demonic ancestry]
  4665 | Ossuary  | Reached XP level 8. HP: 48/65 MP: 8/8
  4791 | D:5      | Reached skill level 7 in Fighting
  5041 | D:5      | Found a shadowy altar of Dithmenos.
  5074 | D:5      | Found a hazy altar of Hepliaklqana.
  5547 | D:5      | Found an iron altar of Okawaru.
  5671 | D:6      | Found a glowing drain.
  5699 | Sewer    | Entered a sewer
  5803 | Sewer    | Reached skill level 8 in Fighting
  5837 | Sewer    | Found an ancient bone altar of Kikubaaqudgha.
  5901 | Sewer    | Noticed Grinder
  5913 | Sewer    | Paralysed by Grinder for 5 turns
  5922 | Sewer    | Killed Grinder
  6078 | D:6      | Reached XP level 9. HP: 61/75 MP: 9/9
  6128 | D:6      | Found a bloodstained altar of Trog.
  6286 | D:6      | Found a sacrificial altar of Ru.
  6325 | D:6      | Found a staircase to the Ecumenical Temple.
  6335 | D:6      | Reached skill level 9 in Fighting
  6347 | D:6      | HP: 4/114 [gnoll/+0 spear[a gnoll sergeant] (3)]
  6769 | D:6      | Found a runed translucent door.
  6770 | D:6      | Noticed Crazy Yiuf
  6785 | D:6      | Killed Crazy Yiuf
  7643 | D:7      | Found a shimmering blue altar of Sif Muna.
  7774 | D:7      | Got Sif Muna's Excursus on Phlogiston
  8174 | D:7      | Reached skill level 10 in Fighting
  8532 | D:8      | Noticed a two-headed ogre
  8537 | D:8      | Killed a two-headed ogre
  8538 | D:8      | Gained mutation: You are mostly covered in sharp spines.
                  | [demonic ancestry]
  8538 | D:8      | Reached XP level 10. HP: 53/86 MP: 10/10
  8803 | D:8      | Found a flagged portal.
  8808 | Bailey   | Entered a bailey
  8870 | Bailey   | Noticed an orc knight
  8883 | Bailey   | Killed an orc knight
  8945 | Bailey   | Reached skill level 11 in Fighting
  9033 | Bailey   | Noticed an orc knight
  9044 | Bailey   | Killed an orc knight
  9089 | Bailey   | Identified the ring of Grontol {Wiz Int+4}
  9230 | Bailey   | Noticed an orc warlord
  9248 | Bailey   | Killed an orc warlord
  9731 | D:7      | Acquired a +1 crystal plate armour
  9847 | D:8      | Noticed Joseph
  9857 | D:8      | Reached skill level 12 in Fighting
  9862 | D:8      | Killed Joseph
  9868 | D:8      | Reached skill level 5 in Armour
  9868 | D:8      | Gained mutation: You have a pair of horns on your head.
                  | [demonic ancestry]
  9868 | D:8      | Reached XP level 11. HP: 44/95 MP: 11/11
 10088 | D:8      | Found a stormy altar of Qazlal.
 10360 | D:8      | Noticed a two-headed ogre
 10372 | D:8      | Killed a two-headed ogre
 10405 | D:8      | Noticed a centaur warrior
 10416 | D:8      | Killed a centaur warrior
 11206 | D:9      | Noticed an eight-headed hydra
 11210 | D:9      | Killed an eight-headed hydra
 11383 | D:9      | Reached skill level 13 in Fighting
 11385 | D:9      | Reached skill level 5 in Dodging
 11566 | D:9      | Found an ornate altar of the Wu Jian Council.
 11698 | D:9      | Noticed a soul eater
 11715 | D:9      | Noticed a sixfirhy
 12270 | D:9      | Reached skill level 5 in Shields
 12347 | D:9      | Reached XP level 12. HP: 106/106 MP: 12/12
 12471 | D:9      | Found an ancient bone altar of Kikubaaqudgha.
 12570 | D:9      | Noticed a catoblepas
 12604 | D:9      | Killed a catoblepas
 12710 | D:10     | Entered Level 10 of the Dungeon
 12750 | D:9      | Reached skill level 14 in Fighting
 12883 | D:10     | Reached XP level 13. HP: 102/113 MP: 13/13
 13386 | D:10     | Found a staircase to the Lair.
 13713 | D:10     | Found a portal to a secret trove of treasure.
 13922 | D:11     | Reached skill level 10 in Maces & Flails
 14583 | D:11     | Found Qecurghul's Antique Armour Shoppe.
 14756 | D:12     | Reached skill level 15 in Fighting
 15181 | D:12     | Found a broken altar of Ashenzari.
 15423 | D:12     | Noticed Urug
 15433 | D:12     | Killed Urug
 15896 | D:12     | Noticed Lodul
 15903 | D:12     | Killed Lodul
 16042 | D:12     | Found a staircase to the Orcish Mines.
 16542 | D:13     | Reached skill level 16 in Fighting
 16888 | D:13     | Reached XP level 14. HP: 125/125 MP: 14/14
 17450 | D:13     | Found a runed translucent gate.
 17450 | D:13     | Found a runed translucent gate.
 17450 | D:13     | Found a runed translucent gate.
 17453 | D:13     | Noticed AwFulAwFulPlayer's ghost (journeyman DsCK)
 17454 | D:13     | Identified the +3 chain mail of Darkness {rPois Will- Int+3
                  | Dex+4}
 17529 | D:13     | Killed AwFulAwFulPlayer's ghost
 18083 | D:14     | Slain by a deep troll

Illustrated notes

Levels and vault maps discovered:
D:1:      shiori_arrival_maze, layout_basic, serial_shops, shop
D:2:      layout_loops_ring, shapermc_ecumenical_altar_mp_vishouse,
          minmay_misc_feat_plants
D:3:      layout_basic, nicolae_yredelemnul_ghost_church, interstate_on_off,
          kennysheep_generic_room_13
D:4:      layout_basic
D:5:      layout_loops_ring, okawaru_altar_gauntlet_db,
          mainiacjoe_overflow_concentric_impassable,
          nicolae_overflow_crystal_walls, nicolae_ossuary_entry_catacombs
D:6:      layout_basic, zin_statuary, mainiacjoe_overflow_paths,
          mainiacjoe_overflow_tiny_flanked, minmay_temple_entry_grid,
          cheibrodos_sewer_entry_drain, serial_bayou_lagoon_a,
          uniq_crazy_yiuf_cottage
D:7:      layout_basic, led_sif_book
D:8:      minmay_the_grid_octo_2x2 [minmay_the_grid_octo_77,
          minmay_the_grid_octo_vomiting_pacman, minmay_the_grid_octo_teeth,
          minmay_the_grid_octo_prize_square_snowflake], layout_basic,
          nicolae_qazlal_general_emergency, enter_bailey_3,
          kennysheep_generic_room_2, uniq_joseph
D:9:      minmay_quarter_circles, layout_basic, kennysheep_vampire_church,
          nicolae_overflow_hidden_temple, library_closet,
          dreamdust_gnoll_shepherd
D:10:     layout_roguey, grunt_lair_entry_orc_guard_hut, enter_trove_5
D:11:     layout_loops_ring, serial_shops, nicolae_lakefront_shop
D:12:     layout_irregular_city, erik_orc_2, minivault_27,
          cheibrodos_ashenzari_chains, uniq_lodul, uniq_urug
D:13:     nicolae_cairo_tiling_large, layout_basic, biasface_ghost_orc_armoury
D:14:     emtedronai_trogs_sanctum, layout_basic, david_vaults_4,
          hangedman_abyss_or_decor_stabs, gauntlet_entry_generic

Skill      XL: |  1  2  3  4  5  6  7  8  9 10 11 12 13 14 |
---------------+-------------------------------------------+-----
Dodging        | 3 4 5 6 |  6.0
Throwing       | 2 3 |  3.0
Maces & Flails | 3 4 5 6 7 8 9 11 | 11.9
Fighting       | 3 4 5 6 8 10 12 13 14 16 | 16.3
Armour         | 1 2 3 4 5 6 |  6.7
Stealth        | 1 |  1.0
Shields        | 1 2 3 4 8 9 |  9.0
Evocations     | 1 2 3 |  3.0

Action                     |  1- 3 |  4- 6 |  7- 9 | 10-12 | 13-15 || total
---------------------------+-------+-------+-------+-------+-------++-------
  Melee: Flail             |   136 |    35 |   115 |   381 |       ||   667
         Headbutt          |    14 |    29 |    88 |    95 |   122 ||   348
         Whip              |       |   106 |   144 |       |       ||   250
         Dagger            |       |    20 |       |       |       ||    20
         Morningstar       |       |       |   141 |    22 |   463 ||   626
  Throw: Stone             |     4 |       |    11 |     5 |       ||    20
         Boomerang         |       |       |       |     2 |     2 ||     4
         Javelin           |       |       |       |       |     7 ||     7
         Dart              |       |       |       |       |     2 ||     2
  Evoke: Lightning rod     |       |       |       |       |     2 ||     2
         Wand              |       |       |       |       |     3 ||     3
    Use: Scroll            |       |    12 |     5 |     7 |     7 ||    31
         Potion            |       |     3 |     8 |     6 |     2 ||    19
   Stab: Sleeping          |     2 |       |       |       |       ||     2
 Armour: Leather armour    |    19 |       |       |       |       ||    19
         Chain mail        |    45 |   102 |     7 |       |       ||   154
         Plate armour      |       |       |   251 |    36 |       ||   287
         Crystal plate arm |       |       |       |   154 |   283 ||   437
  Dodge: Dodged            |    61 |    53 |    98 |    63 |   123 ||   398
  Block: Buckler           |       |    26 |    51 |    50 |       ||   127
         Kite shield       |       |       |    97 |   204 |   460 ||   761
         Reflection        |       |       |       |    12 |    21 ||    33

Table legend: (Time is in decaauts)
 A = Elapsed time spent in this place.
 B = Non-inter-level travel time spent in this place.
 C = Inter-level travel time spent in this place.
 D = Time resting spent in this place.
 E = Time spent auto-exploring this place.
 F = Levels seen in this place.
 G = Mean time per level.
                   A        B        C        D        E       F      G
               +--------+--------+--------+--------+--------+-----+--------+
         Total |  18262 |  16074 |   2188 |   3177 |   8021 |  17 | 1074.2 |
       Dungeon |  16682 |  14494 |   2188 |   2713 |   7881 |  14 | 1191.6 |
         Sewer |    358 |    358 |      0 |      0 |     98 |   1 |  358.0 |
       Ossuary |    402 |    402 |      0 |    103 |     10 |   1 |  402.0 |
        Bailey |    819 |    819 |      0 |    361 |     31 |   1 |  819.0 |
               +--------+--------+--------+--------+--------+-----+--------+

Top non-repeatable levels by time:
    D:12: 1732 daAuts
     D:8: 1715 daAuts
     D:9: 1660 daAuts
    D:13: 1520 daAuts
     D:7: 1454 daAuts
     D:1: 1327 daAuts
     D:6: 1223 daAuts
     D:3: 1198 daAuts
    D:10: 1093 daAuts
     D:5: 1072 daAuts
     D:2: 1062 daAuts
  Bailey: 819 daAuts
    D:11: 792 daAuts
     D:4: 696 daAuts
 Ossuary: 402 daAuts
